 Dungeon Crawl Stone Soup version 0.30.0-29-ga12c61a403 (webtiles) character file.

Game seed: 5853206492812094155

4 ChadusMaximus the Caller (level 1, -1/13 HPs)
             Began as a Barachi Summoner on June 23, 2023.
             Slain by a jackal (3 damage)
             ... on level 2 of the Dungeon.
             The game lasted 00:00:38 (102 turns).

ChadusMaximus the Caller (Barachi Summoner)          Turns: 102, Time: 00:00:39

Health: -1/13      AC:  2    Str:  9    XL:     1   Next: 60%
Magic:  0/3        EV: 12    Int: 15    God:
Gold:   6          SH:  0    Dex: 12    Spells: 3/4 levels left

rFire   . . .        (no weapon)
rCold   . . .        (no shield)
rNeg    . . .        a - +0 robe
rPois   .            (no helmet)
rElec   .            (no cloak)
rCorr   .            (no gloves)
SInv    .            (no boots)
Will    .....        (no amulet)
Stlth   ++           (no ring)
HPRegen 0.22/turn    (no ring)
MPRegen 0.08/turn

%: no passive effects
@: slow
A: amphibious, slowness 1, strong legs 1, +LOS
a: Hop


You were on level 2 of the Dungeon.
You visited 1 branch of the dungeon, and saw 2 of its levels.

You collected 6 gold pieces.

Inventory:

Armour
 a - a +0 robe (worn)
Potions
 b - a potion of magic


   Skills:
 + Level 2.3 Dodging
 + Level 1.9 Stealth
 + Level 2.3 Spellcasting
 + Level 4.9 Summonings


You had 3 spell levels left.
You knew the following spells:

 Your Spells              Type           Power      Damage    Failure   Level
a - Summon Small Mammal   Summ           64%        N/A       2%          1

Your spell library contained the following spells:

 Spells                   Type           Power      Damage    Failure   Level
 Call Imp                 Summ           32%        N/A       4%          2
 Call Canine Familiar     Summ           16%        N/A       9%          3
 Magic Dart               Conj           4%         1d3       22%         1
 Summon Guardian Golem    Hex/Summ       9%         N/A       24%         3
 Searing Ray              Conj           2%         2d4       32%         2
 Summon Lightning Spire   Summ/Air       9%         N/A       61%         4
 Fulminant Prism          Conj/Hex       0%         3d5       91%         4


Dungeon Overview and Level Annotations

Branches:
Dungeon (2/15)

Altars:


Innate Abilities, Weirdness & Mutations

You are amphibious.
You cover ground slowly.
You can hop short distances.
You have an extended range of vision and can be seen from far away.


Message History

The jackal attacks as you move away! The jackal barely misses you.
The jackal bites you but does no damage.
The jackal attacks as you move away! The jackal completely misses you.
There is an escape hatch in the floor here.
The jackal misses you. x2
You slide downwards.
The hatch slams shut behind you. The jackal barely misses you.
Casting: Summon Small Mammal (safe; 2% risk of failure)
Confirm with . or Enter, or press ? or * to list all spells.
The jackal bites you but does no damage.
The jackal misses you.
You hit the jackal but do no damage.
The jackal is severely wounded.
The jackal closely misses you.
You closely miss the jackal.
The jackal is severely wounded.
The jackal bites you.
The ball python skeleton closely misses you.
The ball python skeleton barely misses you.
Your rat closely misses the jackal.
You closely miss the jackal.
The jackal is severely wounded.
The jackal barely misses you.
The ball python skeleton bites you but does no damage.
The ball python skeleton grabs you.
The ball python skeleton constricts you.
The jackal misses you.
Your rat closely misses the jackal.
Unknown command.
Unknown command.
You barely miss the jackal.
The jackal is severely wounded.
The jackal bites you.
* * * LOW HITPOINT WARNING * * *
The ball python skeleton barely misses you.
The ball python skeleton constricts you.
Your rat bites the jackal but does no damage.
Okay, then.
You escape the ball python skeleton's grasp.
You swap places.
The jackal bites you.
You die...

# #########.
#. #.........
#.##.#.....#.
#..@h........
#..r.........
#..#Z#..##.#.
#..#.# ....
#..#.# ####
#..... #..#..
#..#...
#..#...


You could see a jackal (ally target), a ball python skeleton and a friendly rat
(summoned).

Vanquished Creatures (collateral kills)
  A giant cockroach (D:1)
  A kobold (D:1)
  2 rats (D:1)
4 creatures vanquished.

Notes
Turn   | Place    | Note
-------+----------+-------------------------------------------
     0 | D:1      | ChadusMaximus the Barachi Summoner began the quest for the
                  | Orb.
     0 | D:1      | Reached XP level 1. HP: 13/13 MP: 3/3
   102 | D:2      | Slain by a jackal

Illustrated notes

Levels and vault maps discovered:
D:1:      sevenhm_arrival_forest_fort_small_1, layout_rooms,
          grunt_decor_mini_mirrors
D:2:      cheibrodos_helix_gallery, layout_loops_ring,
          chequers_ecumenical_altar_island, serial_undead, serial_undead_c,
          serial_undead_a, serial_undead_a, serial_undead_e,
          kennysheep_generic_room_6

Action                     || total
---------------------------++-------
  Melee: Unarmed           ||    18
   Cast: Summon Small Mamm ||     9
   Stab: Sleeping          ||     1
 Armour: Robe              ||    10
  Dodge: Dodged            ||    46
